Map: Shrines of Lizul

Players

Skela

  • Race: Protoss Protoss
  • Spawn Location: 3:00

McTrevin

  • Race: Terran Terran
  • Spawn Location: 12:00

OpuS - Winner!

  • Race: Protoss Protoss
  • League: Platinum
  • Spawn Location: 9:00

Sketchaphone - Winner!

  • Race: Zerg Zerg
  • League: Gold
  • Spawn Location: 6:00

VOD

Have the link to the VOD?

Description

Time

  • Played on: Jan. 31, 2019, 8:45 p.m.
  • Length: 14:54
Show
View Real Time Build Order
Export as new Build Order

Skela Protoss 

Build Orders: Chargelot Immortal 

Get SALT Encoding   

  12  0:00  Probe  
  13  0:14  Pylon  
  13  0:18  Probe  
  14  0:37  Gateway  
  14  0:38  Probe  
  15  0:52  Probe  
  15  0:54  Gateway  
  16  0:59  Assimilator  
  16  1:05  Probe  
  17  1:17  Probe  
  18  1:27  Zealot  
  18  1:29  Probe  
  18  1:32  Cybernetics Core  
  21  1:42  Probe  
  22  2:00  Pylon  
  22  2:18  Zealot x2  
  26  2:25  Twilight Council  
  26  2:43  Gateway  
  26  2:45  Zealot x2  
  30  2:59  Charge  
  30  3:02  Robotics Facility  
  30  3:14  Pylon  
  30  3:17  Pylon  
  30  3:32  Zealot x2  
  34  3:40  Pylon  
  34  3:44  Zealot  
  36  3:50  Warp Prism  
  38  3:59  Zealot x2  
  42  4:12  Sentry  
  44  4:26  Zealot  
  44  4:31  Zealot  
  48  4:38  Zealot  
  50  4:53  Zealot  
  50  4:58  Zealot  
  54  5:06  Warp Gate  
  54  5:17  Zealot  
  54  5:20  Zealot  
  44  5:25  Zealot  
  32  5:44  Zealot  
  32  5:47  Zealot  
  36  5:52  Zealot  
  36  5:54  Nexus  
  38  6:11  Zealot, Immortal  
  38  6:14  Zealot  
  42  6:24  Assimilator  
  46  6:36  Probe  
  46  6:39  Pylon  
  47  6:41  Pylon  
  47  6:48  Probe  
  48  6:57  Stalker x2  
  48  7:00  Probe  
  53  7:12  Immortal  
  53  7:13  Forge  
  57  7:25  Probe  
  56  7:32  Probe  
  57  7:38  Probe  
  58  7:52  Immortal  
  62  8:00  Protoss Ground Weapons Level 1  
  62  8:03  Probe x2  
  64  8:15  Probe  
  64  8:16  Probe  
  64  8:19  Assimilator  
  66  8:27  Probe  
  66  8:32  Sentry x2  
  71  8:39  Assimilator  
  71  8:42  Immortal  
  75  9:15  Observer  
  75  9:16  Probe x2  
  72  9:28  Probe  
  71  9:36  Zealot x2  
  71  9:37  Zealot  
  70  9:53  Immortal  
  70  9:57  Probe x2  
  76  10:09  Probe x2  
  76  10:10  Protoss Ground Armor Level 1  
  78  10:21  Probe  
  79  10:32  Immortal  
  83  10:51  Sentry, Blink  
  85  11:00  Pylon x2  
  85  11:02  Pylon  
  85  11:04  Pylon  
  85  11:07  Pylon  
  63  11:22  Immortal  
  63  11:24  Stalker x2  
  59  11:54  Protoss Ground Weapons Level 2  
  59  12:00  Zealot x3, Immortal  
  69  12:23  Stalker  
  69  12:24  Stalker x2  
  61  12:31  Immortal  
  53  12:50  Zealot x3  
  38  13:12  Gateway  
  18  13:26  Stalker  
  16  13:50  Stalker  
  16  14:11  Stalker  
Show
View Real Time Build Order
Export as new Build Order

McTrevin Terran 

Build Orders:  

Get SALT Encoding   

  12  0:01  SCV  
  13  0:14  SCV  
  14  0:22  Supply Depot  
  14  0:26  SCV  
  15  0:39  Supply Depot  
  15  0:44  SCV  
  16  0:56  SCV  
  17  1:02  Barracks  
  17  1:08  SCV  
  18  1:20  SCV  
  18  1:21  Barracks  
  18  1:24  Refinery  
  19  1:32  SCV  
  20  1:44  SCV  
  21  1:56  Marine, SCV  
  23  2:03  Barracks  
  23  2:09  SCV  
  23  2:10  Barracks  
  23  2:14  Marine  
  25  2:20  Supply Depot  
  25  2:29  Refinery  
  25  2:31  Marine  
  26  2:47  Barracks Reactor  
  26  2:49  Marine  
  27  2:51  Marine  
  28  2:58  Factory  
  28  3:01  Orbital Command  
  28  3:08  Barracks Reactor  
  28  3:09  Marine  
  29  3:18  Barracks Tech Lab  
  29  3:25  Supply Depot  
  29  3:27  Marine x2  
  29  3:28  Marine  
  32  3:44  Marine x3  
  32  3:45  Marine x2  
  32  3:46  Marine  
  38  3:51  Stimpack  
  38  4:02  Marine x3  
  39  4:03  Marine x2  
  39  4:05  Factory Tech Lab  
  39  4:08  Marine  
  44  4:20  Marine  
  45  4:33  Marine x3  
  45  4:34  Marine x2  
  45  4:37  Marine  
  51  4:51  Marine x2  
  46  5:40  Command Center  
  46  5:44  Siege Tank  
  46  5:47  Barracks Tech Lab  
  46  5:48  Marine  
  46  5:49  Marine x2  
  52  6:00  Supply Depot  
  52  6:16  Siege Tank  
  55  6:22  SCV  
  56  6:34  SCV  
  57  6:40  Marine x4  
  57  6:46  SCV  
  62  6:48  Siege Tank  
  65  6:55  SCV  
  65  6:59  SCV  
  69  7:01  Marauder  
  69  7:07  SCV  
  70  7:11  SCV  
  71  7:20  Siege Tank  
  74  7:23  SCV  
  75  7:34  Marine  
  75  7:35  SCV  
  75  7:36  SCV  
  78  7:43  Refinery  
  78  7:47  SCV  
  78  7:48  SCV  
  80  7:51  Refinery  
  80  7:59  SCV  
  80  8:00  SCV  
  82  8:11  SCV  
  84  8:12  SCV  
  84  8:14  Marine x5  
  84  8:15  Marine  
  90  8:23  SCV  
  91  8:33  Supply Depot  
  91  8:35  SCV  
  91  8:36  Supply Depot  
  92  8:48  SCV  
  93  8:57  Siege Tank  
  93  8:58  Starport  
  93  9:00  Marine  
  93  9:01  Marine x4  
  102  9:02  Marauder  
  95  9:20  Marauder  
  97  9:29  Siege Tank  
  99  9:34  SCV  
  99  9:35  SCV  
  101  9:46  SCV  
  101  9:48  SCV  
  103  9:58  SCV  
  103  9:59  Starport Tech Lab  
  104  10:00  SCV  
  104  10:01  Siege Tank  
  108  10:08  Barracks  
  108  10:10  SCV  
  108  10:12  SCV  
  108  10:14  Combat Shield, Factory  
  110  10:23  Engineering Bay  
  110  10:27  Engineering Bay  
  110  10:31  SCV x2  
  110  10:33  Siege Tank  
  110  10:34  Supply Depot x2  
  115  10:43  SCV x2  
  117  10:55  SCV  
  117  10:56  Marauder, SCV  
  121  11:05  Siege Tank, Supply Depot  
  73  11:20  Marine x6  
  77  11:37  Siege Tank  
  77  11:38  Marine x6  
  75  11:55  Marine  
  75  11:56  Marine x4  
  75  11:59  Marine  
  81  12:09  Siege Tank  
  81  12:13  Marine  
  81  12:14  Marine x4  
  81  12:15  Factory Tech Lab  
  89  12:17  Marine  
  89  12:21  Medivac  
  79  12:31  Marine  
  79  12:32  Marine  
  66  12:42  Siege Tank  
  66  12:43  Siege Tank  
  66  12:44  Marine x4  
  70  12:49  Marine x2  
  70  12:51  Medivac  
  77  13:01  Marine  
  77  13:02  Marine x3  
  81  13:07  Marine  
  82  13:14  Siege Tank  
  82  13:15  Siege Tank  
  82  13:19  Marine x2  
  90  13:20  Marine x3  
  90  13:21  Medivac  
  90  13:24  Marine  
  95  13:36  Marine  
  95  13:37  Marine x2  
  95  13:38  Marine x2  
  99  13:42  Marine  
  98  13:54  Marine  
  98  13:55  Marine x4  
  88  14:00  Marine  
  75  14:12  Marine  
  75  14:13  Marine x4  
  62  14:18  Marine  
  53  14:30  Marine x2  
  53  14:31  Marine x3  
Show
View Real Time Build Order
Export as new Build Order

OpuS Protoss - Winner!

Build Orders:  

Get SALT Encoding   

  12  0:01  Probe  
  13  0:13  Probe  
  14  0:21  Pylon  
  14  0:25  Probe  
  15  0:35  Probe  
  16  0:43  Probe, Gateway  
  17  0:53  Probe  
  18  0:59  Assimilator  
  18  1:05  Probe  
  18  1:10  Gateway  
  19  1:17  Probe  
  20  1:30  Cybernetics Core, Probe  
  20  1:31  Pylon  
  20  1:38  Probe  
  22  1:53  Zealot  
  22  1:55  Pylon  
  22  1:57  Zealot  
  26  2:05  Probe  
  27  2:19  Shield Battery  
  27  2:21  Shield Battery  
  26  2:27  Warp Gate  
  26  2:32  Adept x2  
  30  2:40  Probe  
  30  2:41  Pylon  
  30  2:42  Assimilator  
  31  2:56  Forge  
  31  3:04  Probe  
  32  3:10  Stalker  
  32  3:12  Stalker  
  36  3:24  Pylon  
  36  3:34  Gateway  
  36  3:41  Photon Cannon  
  36  4:14  Pylon  
  36  4:17  Pylon, Adept x2  
  40  4:50  Shield Battery  
  40  4:52  Shield Battery, Photon Cannon  
  40  4:54  Photon Cannon  
  40  4:57  Stalker, Photon Cannon  
  42  5:13  Stalker  
  42  5:14  Stalker  
  44  5:44  Nexus  
  44  5:52  Adept x2  
  44  5:55  Adept  
  48  6:08  Twilight Council  
  48  6:23  Adept x3  
  54  6:27  Protoss Ground Weapons Level 1  
  54  6:44  Probe  
  55  6:50  Charge, Robotics Facility  
  55  7:00  Dark Shrine  
  55  7:05  Probe  
  55  7:06  Probe  
  57  7:23  Probe x2  
  59  7:31  Adept  
  59  7:32  Adept x2  
  65  7:39  Observer  
  66  8:06  Probe x2  
  66  8:11  Gateway  
  68  8:18  Probe  
  70  8:20  Probe  
  70  8:21  Templar Archives, Dark Templar x3  
  76  8:30  Probe  
  76  8:32  Probe  
  78  8:42  Probe  
  79  9:12  Probe x2  
  79  9:16  Assimilator  
  79  9:19  Assimilator  
  79  9:24  Zealot, Probe  
  79  9:25  Zealot x2  
  86  9:34  Gateway  
  86  9:36  Gateway  
  86  9:38  Gateway  
  86  9:39  Gateway  
  86  9:47  Probe x2  
  86  9:51  Psionic Storm  
  86  9:58  Robotics Bay  
  86  10:06  Pylon  
  86  10:08  Pylon  
  86  10:10  Pylon  
  86  10:11  Pylon  
  86  10:18  Protoss Ground Weapons Level 2  
  86  10:24  Probe  
  87  10:36  Zealot  
  87  10:37  Zealot x4  
  87  10:38  Zealot x3  
  93  11:13  Zealot  
  93  11:14  Zealot x5  
  93  11:15  Zealot x2  
  69  11:37  Nexus  
  69  11:39  Pylon  
  69  11:41  High Templar x2  
  69  11:42  High Templar x2  
  69  11:43  High Templar x2  
  69  11:44  High Templar x2  
  85  11:47  Archon  
  85  11:48  Archon x2  
  85  11:49  Archon  
  85  11:54  Pylon  
  85  12:08  Gateway  
  85  12:09  Gateway  
  85  12:11  Gateway  
  85  12:13  Gateway  
  75  12:32  Forge  
  67  12:46  Zealot x5  
  67  12:47  Zealot x2  
  75  13:11  Zealot x3  
  75  13:12  Zealot x3  
  83  13:14  Zealot  
  85  13:28  Probe  
  85  13:30  Probe  
  85  13:31  Probe  
  88  13:42  High Templar  
  88  13:43  High Templar x2  
  88  13:44  High Templar  
  88  13:45  High Templar x2  
  88  13:48  Archon x2  
  100  13:49  Archon  
  100  13:56  Probe  
  100  13:57  Probe x2  
  103  14:09  Probe x3  
  92  14:21  Probe x2  
  92  14:23  Probe  
  95  14:26  Assimilator  
  95  14:29  Assimilator  
  95  14:33  Probe x2  
Show
View Real Time Build Order
Export as new Build Order

Sketchaphone Zerg - Winner!

Build Orders: Pool First 

Get SALT Encoding   

  12  0:01  Drone  
  13  0:13  Overlord  
  13  0:19  Drone  
  14  0:31  Drone  
  14  0:32  Drone  
  16  0:36  Drone  
  17  0:55  Spawning Pool  
  16  0:57  Extractor  
  16  0:58  Drone x2  
  17  1:23  Hatchery  
  17  1:24  Drone  
  17  1:32  Drone  
  18  1:33  Drone  
  20  1:47  Drone  
  20  2:00  Metabolic Boost, Zergling x2  
  21  2:07  Zergling x2  
  22  2:20  Spine Crawler  
  21  2:35  Hatchery  
  20  2:48  Baneling Nest  
  20  2:49  Drone x2  
  20  2:51  Spine Crawler, Overlord  
  20  2:58  Drone  
  21  2:59  Drone  
  21  3:00  Drone  
  21  3:04  Queen  
  25  3:09  Zergling x2  
  26  3:17  Zergling x2  
  26  3:19  Zergling x2  
  28  3:23  Overlord  
  28  3:29  Spine Crawler, Zergling x2  
  28  3:41  Zergling x4  
  29  3:51  Zergling x2  
  30  4:02  Zergling x2  
  31  4:03  Zergling x2, Drone  
  31  4:04  Drone x2  
  31  4:06  Queen  
  37  4:27  Baneling x5  
  37  4:28  Baneling  
  37  4:29  Zergling x2  
  37  4:30  Drone x2  
  40  4:31  Drone  
  40  4:32  Drone x2  
  40  4:33  Drone x2  
  40  4:34  Zergling x2  
  46  4:46  Overlord, Zergling x6  
  49  5:05  Zergling x4  
  51  5:11  Drone x2  
  51  5:12  Overlord x2  
  51  5:13  Zergling x4  
  48  5:25  Zergling x6  
  50  5:40  Queen  
  50  5:41  Drone x3  
  50  5:42  Drone x2  
  57  5:52  Queen  
  59  5:59  Overlord  
  59  6:02  Pneumatized Carapace  
  59  6:05  Baneling  
  59  6:06  Zergling x2, Baneling x3  
  60  6:14  Hatchery  
  60  6:18  Overlord x2  
  58  6:23  Overlord  
  58  6:39  Drone  
  60  6:40  Drone x2  
  60  6:41  Overlord  
  61  6:47  Evolution Chamber, Extractor  
  61  6:48  Evolution Chamber  
  58  6:56  Drone x2  
  58  6:57  Drone x2  
  58  6:58  Overlord  
  58  6:59  Overlord  
  60  7:41  Zerg Melee Weapons Level 1, Zerg Ground Armor Level 1  
  57  7:53  Queen  
  57  7:54  Zergling x16  
  57  7:55  Zergling x16  
  75  8:01  Zergling x2  
  75  8:05  Lair  
  76  8:09  Queen  
  76  8:12  Extractor  
  77  8:13  Extractor  
  77  8:15  Zergling x20  
  86  8:20  Zergling x4  
  88  8:51  Hatchery  
  87  8:56  Drone x5  
  87  8:57  Overlord x2  
  87  9:00  Drone x3  
  95  9:04  Zergling x20  
  105  9:27  Baneling  
  105  9:28  Baneling x14, Centrifical Hooks  
  99  9:33  Spire  
  97  9:39  Spore Crawler  
  90  9:54  Spore Crawler, Drone  
  90  9:55  Drone x6  
  90  9:59  Overseer x2  
  96  10:34  Zerg Ground Armor Level 2  
  96  10:35  Zerg Melee Weapons Level 2  
  96  10:47  Spore Crawler  
  96  10:48  Spore Crawler  
  94  10:52  Overlord x2  
  94  10:53  Hatchery  
  93  10:59  Zergling x20  
  93  11:00  Zergling x4  
  105  11:04  Overlord  
  82  11:14  Zergling x20  
  78  11:30  Zergling x12  
  64  11:56  Zergling x24  
  76  12:04  Mutalisk x3, Infestation Pit, Zerg Flyer Weapons Level 1  
  81  12:28  Zergling x16  
  88  12:34  Zergling x6  
  76  12:37  Zergling x2, Hatchery  
  76  12:42  Zergling x4  
  78  12:46  Zergling x6, Hatchery  
  78  12:47  Zergling x4  
  81  13:17  Zergling x26  
  81  13:18  Hatchery  
  93  13:25  Zergling x4  
  92  13:31  Queen  
  94  13:39  Zergling x10  
  77  14:03  Queen  
  77  14:06  Zergling x26  
  77  14:07  Zergling x6  
  95  14:21  Corruptor x2  
  95  14:23  Swarm Host  
  101  14:26  Drone  
  102  14:31  Drone x3  
Tags
 
Add a new tag
Caveats
  • Supply blocks, unpowered buildings, or Contaminate may cause inaccurate times.
  • Supply counts are checked every 10 seconds.